 Dungeon Crawl Stone Soup version 0.30-a0-778-g2ef04afb54 (webtiles) character file.

Game seed: 11251847726603497079

18 Pimp the Insei (level 2, 0/22 HPs)
             Began as a Djinni Transmuter on Feb 16, 2023.
             Slain by an orc
             ... wielding a +0 flail
              (4 damage)
             ... on level 1 of the Dungeon.
             The game lasted 00:01:22 (666 turns).

Pimp the Insei (Djinni Transmuter)                   Turns: 666, Time: 00:01:23

Health: 0/22       AC:  2    Str:  9    XL:     2   Next: 85%
Gold:   74         EV: 12    Int: 14    God:
                   SH:  0    Dex: 13

rFire   + + .      SeeInvis .      - Unarmed
rCold   x . .      Faith    .    (no shield)
rNeg    . . .      Spirit   .    a - +0 robe
rPois   ∞          Reflect  .    (no helmet)
rElec   .          Harm     .    (no cloak)
rCorr   .          Rampage  .    (no gloves)
Will    .....                    (boots unavailable)
Stlth   +                        (no amulet)
HPRegen 0.23/turn                (no ring)
MPRegen 0.00/turn                (no ring)

@: flying
A: sickness immunity, fire resistance 2, cold vulnerability 1, float, innate
caster, HP casting, extra vitality 1
a: no special abilities


You were on level 1 of the Dungeon.
You visited 1 branch of the dungeon, and saw 2 of its levels.

You collected 74 gold pieces.

Inventory:

Armour
 a - a +0 robe (worn)
Scrolls
 d - a scroll of butterflies {unknown}
 g - 3 scrolls of identify {unknown}
Potions
 b - a potion of lignification
 c - a potion of resistance {unknown}
 e - a potion of attraction {unknown}
 f - a potion of might {unknown}


   Skills:
 + Level 1.0 Fighting
 + Level 2.6 Dodging
 + Level 0.2 Stealth
 + Level 3.5 Unarmed Combat
 + Level 1.6 Spellcasting


You couldn't memorise any spells.
You knew the following spells:

 Your Spells              Type           Power      Damage    Failure   Level
a - Beastly Appendage     Tmut           10%        N/A       13%         1
b - Wereblood             Tmut           5%         N/A       19%         2
c - Spider Form           Tmut/Pois      5%         N/A       36%         3
d - Ice Form              Ice/Tmut       5%         N/A       77%         4
Your spell library was empty.

Dungeon Overview and Level Annotations

Branches:
Dungeon (2/15)

Altars:


Innate Abilities, Weirdness & Mutations

You are immune to sickness and miasma.
You are immune to poison.
Your flesh is very heat resistant. (rF++)
You are vulnerable to cold. (rC-)
You float through the air rather than walking.
You learn spells naturally, not from books.
Your magical power is your life essence.
You have superior vitality. (+4 MHP)


Message History

Done exploring.
Done exploring.
There is a stone staircase leading down here.
You fly downwards.
Found 12 gold pieces.
There is a stone staircase leading up here.
There are monsters nearby!
The orc shouts!
You hear a shout!
The dart slug launches a dart at you. The slug dart hits you.
You completely miss the dart slug. The dart slug bites you.
You hit the dart slug.
The dart slug is heavily wounded.
You hit the dart slug but do no damage.
The dart slug is heavily wounded.
The dart slug barely misses you.
You hit the dart slug.
The dart slug is severely wounded.
The orc barely misses you.
A kobold comes into view. It is wielding a +0 whip.
The orc closely misses you. The dart slug launches a dart at you.
The slug dart hits you.
There is a stone staircase leading up here.
You hit the orc but do no damage. The orc hits you with a +0 flail.
A dart slug comes into view.
You hit the orc but do no damage. The orc misses you.
You hit the orc but do no damage.
A kobold comes into view. It is wielding a +0 short sword.
The orc barely misses you. The dart slug launches a dart at you.
The slug dart hits you. The dart slug barely misses you.
The orc hits you with a +0 flail!
* * * LOW HITPOINT WARNING * * *
You fly upwards.
There is a stone staircase leading down here.
The dart slug misses you. The dart slug closely misses you.
The orc attacks as you move away! The orc hits you with a +0 flail.
You die...

####..##### ##.##
########.(...###..#
.....# #####..##.##
.##### ##.##.# .#
#.##.####### .#
#..........# .#
####...>......# .#
#.....wo......#
.#########......@......#
.#.......+.....#'#######
.#.#######....##.# .#.#
####.##.# .#.#####
###.##.# .#.....#
#...##.##### ..####.#
##.#....††..#
#.####.###......####.#
#.##.............##..#


You could see a dart slug and an orc.

Vanquished Creatures
  A bat (D:1)
  An endoplasm (D:1)
  A giant cockroach (D:1)
  A goblin (D:1)
  A hobgoblin (D:1)
  2 jackals (D:1)
  2 kobolds (D:1)
  A ball python (D:1)
  8 frilled lizards (D:1)
18 creatures vanquished.

Notes
Turn   | Place    | Note
-------+----------+-------------------------------------------
     0 | D:1      | Pimp the Djinni Transmuter began the quest for the Orb.
     0 | D:1      | Pimp set off with the following spells memorised: Beastly
                  | Appendage, Wereblood, Spider Form, Ice Form.
     0 | D:1      | Reached XP level 1. HP: 17/17 MP: 0/0
   253 | D:1      | Found a faded altar of an unknown god.
   279 | D:1      | Reached XP level 2. HP: 22/22 MP: 0/0
   666 | D:1      | Slain by an orc

Illustrated notes

Levels and vault maps discovered:
D:1:      wander_arrival_desolate, layout_basic,
          dreamdust_ecumenical_altar_grove, minmay_lizard_pond
D:2:      layout_rooms, chequers_serial_rivers_micro_d

Action                     || total
---------------------------++-------
  Melee: Unarmed           ||    84
   Cast: Beastly Appendage ||     1
   Stab: Sleeping          ||     1
 Armour: Robe              ||    11
  Dodge: Dodged            ||    54

Table legend: (Time is in decaauts)
 A = Elapsed time spent in this place.
 B = Non-inter-level travel time spent in this place.
 C = Inter-level travel time spent in this place.
 D = Time resting spent in this place.
 E = Time spent auto-exploring this place.
 F = Levels seen in this place.
 G = Mean time per level.
                   A        B        C        D        E       F      G
               +--------+--------+--------+--------+--------+-----+--------+
         Total |    660 |    629 |     31 |      0 |    466 |   2 |  330.0 |
       Dungeon |    660 |    629 |     31 |      0 |    466 |   2 |  330.0 |
               +--------+--------+--------+--------+--------+-----+--------+

Top non-repeatable levels by time:
     D:1: 648 daAuts
     D:2: 12 daAuts
